 Dungeon Crawl Stone Soup version 0.32-a0-699-g1ee5eff69a (webtiles) character file.

Game seed: 8923993632389153525

4 ytrimaz the Ruffian (level 1, 0/13 HPs)
             Began as an Octopode Shapeshifter on Mar 14, 2024.
             Slain by a hobgoblin (4 damage)
             ... on level 1 of the Dungeon.
             The game lasted 00:00:08 (106 turns).

ytrimaz the Ruffian (Octopode Shapeshifter)          Turns: 106, Time: 00:00:09

Health: 0/13       AC:  1    Str: 13    XL:     1   Next: 60%
Magic:  1/1        EV: 12    Int: 12    God:
Gold:   0          SH:  0    Dex: 11    Spells: 0/0 levels left

rFire   . .          .
                       - Unarmed
rCold   . . .        (no shield)
rNeg    . . .        (helmet currently unavailable)
rPois   .            (no amulet)
rElec   .            (no ring)
rCorr   .            (no ring)
SInv    .            (no ring)
Will    .....        (no ring)
Stlth   ++           (no ring)
HPRegen 0.22/turn    (no ring)
MPRegen 0.07/turn    (no ring)
                     (no ring)

%: no passive effects
@: beast-form
A: beast (slay +1), almost no armour, amphibious, 8 rings, camouflage 1,
gelatinous body 1, (nimble swimmer 1), tentacles
a: Begin Untransformation


You were on level 1 of the Dungeon.
You were a hulking beast.
You visited 1 branch of the dungeon, and saw 1 of its levels.


Innate Abilities, Weirdness & Mutations

You are a hulking beast.
Your limbs bulge with bestial killing power. (Slay +1)
You cannot wear most types of armour.
You are amphibious.
You can wear up to eight rings at the same time.
Your skin changes colour to match your surroundings (Stealth+).
Your rubbery body absorbs attacks. (AC +1, EV +1)
((You are camouflaged when in or above water. (Stealth+)))
You have tentacles for arms and can constrict up to eight enemies at once.


   Skills:
 - Level 1.0 Fighting
 - Level 2.0 Dodging
 + Level 1.1 Stealth
 + Level 3.1 Unarmed Combat
 - Level 3.0 Shapeshifting


You couldn't memorise any spells.
You didn't know any spells.
Your spell library was empty.

Inventory:

Talismans
 b - a beast talisman (active)
 c - a flux talisman
Scrolls
 d - a scroll of identify {unknown}
Potions
 a - a potion of lignification

Dungeon Overview and Level Annotations

Branches:
Dungeon (1/15) Zot: 5893

Altars:

.### # .#.## .# ..
##...##..##
.[.##.....#.)..
$..#...........
#...........# #.#
#........# #.#
#..hg)# #.# ##..(##
#.# #..### #.# #
#.##.## #.#.#
#.####.#...####.#.#
...................#
##.######...###..###
##.## #..### ###
######....#


You could see a hobgoblin.


Message History

🤖 Initializing magus.rc ...
Options error: Delay interrupt name "hungry" not recognised. (ytrimaz.rc:4375) Bad monster_list_colour key: strict_neutral Options error: Unknown color in colour mapping: 'purle:scroll.*immolation' Bad channel name 'pray' for runrest: 'pray:' Options error: Missing colour in message_colour setting: 'that.*feels deathly cold' Options error: Missing colour in message_colour setting: 'and you must be Full or above to equip it' Options error: Missing colour in message_colour setting: 'but rights himself reflexively soon after' Options error: Missing colour in message_colour setting: 'before it is too late' ✅ Successfully initialized magus.rc [v1.9.6] Welcome, ytrimaz the Octopode Shapeshifter.
Are you destined to find the wondrous Orb of Zot, or to die trying?
Press ? for a list of commands and other information.
Found a robe and a scroll labelled IGGIOSASET.
Found a staircase leading out of the dungeon.
d - a scroll labelled IGGIOSASET Key pressed, stopping explore.
A hobgoblin comes into view.
The hobgoblin shouts!
You hear a loud squeak.
A hobgoblin is nearby!
A hobgoblin is nearby!
The hobgoblin hits you. 😕 HP[-2]
You take 2 damage, and now have 11/13 hp.
You closely miss the hobgoblin. You grab the hobgoblin.
You constrict the hobgoblin.
A rat comes into view.
The hobgoblin hits you. 😕 HP[-1]
You take 1 damage, and now have 10/13 hp.
The rat squeaks loudly.
You tentacle-slap the hobgoblin. You squeeze the hobgoblin.
You kill the hobgoblin! 😕 HP[+1] Unknown command.
You see here a hobgoblin corpse.
The rat closely misses you.
A rat is nearby!
You tentacle-slap the rat.
You kill the rat!
You see here a rat corpse.
No target in view!
Unknown command. 😕 HP[+1]
You see here a rat corpse.
You see here a hobgoblin corpse.
You see here a +0 ring mail.
Key pressed, stopping explore.
A bat comes into view. 😎 HP[+1]
Your hp is fully restored (13).
A bat is nearby!
The bat misses you.
A bat is nearby!
You tentacle-slap the bat. You grab the bat. Your squeeze misses the bat.
You constrict the bat.
You kill the bat!
Your Stealth skill increases to level 1!
No target in view!
Unknown command.
A frilled lizard comes into view.
The frilled lizard hisses angrily.
A frilled lizard is nearby!
A hobgoblin comes into view.
There are monsters nearby!
The hobgoblin shouts!
You tentacle-slap the frilled lizard.
You kill the frilled lizard!
The hobgoblin hits you. 😮 HP[-4]
You take 4 damage, and now have 9/13 hp.
MASSIVE DAMAGE!! (PAUSE)
You are too injured to fight recklessly!
The hobgoblin hits you.
* * * LOW HITPOINT WARNING * * *
😨 HP[-5]
You take 5 damage, and now have 4/13 hp.
MASSIVE DAMAGE!! (PAUSE)
You are too injured to fight recklessly!
You tentacle-slap the hobgoblin. Your grab misses the hobgoblin.
The hobgoblin hits you.
You die...

Skill      XL: |  1 |
---------------+----+-----
Stealth        | 1 |  1.1
Fighting       | |  1.0
Dodging        | |  2.0
Unarmed Combat | |  3.1
Shapeshifting  | |  3.0

Action                     || total
---------------------------++-------
  Melee: Unarmed           ||     6
         Constrict         ||     2
         Tentacles         ||     1
 Armour: Skin              ||     5
  Dodge: Dodged            ||     2

Levels and vault maps discovered:
D:1:      mrwooster_arrival_statue, layout_loops_ring

Notes
Turn   | Place    | Note
-------+----------+-------------------------------------------
     0 | D:1      | ytrimaz the Octopode Shapeshifter began the quest for the
                  | Orb.
     0 | D:1      | Reached XP level 1. HP: 13/13 MP: 1/1
     0 | D:1      | magus.rc [v1.9.6]
    92 | D:1      | Reached skill level 1 in Stealth
   106 | D:1      | Slain by a hobgoblin

Vanquished Creatures
  A bat (D:1)
  A hobgoblin (D:1)
  A frilled lizard (D:1)
  A rat (D:1)
4 creatures vanquished.

Table legend:
 A = Non-vault XP
 B = Vault XP
 C = Vault XP percentage of total XP
 D = Non-vault monster count
 E = Vault monster count
 F = Vault count percentage of total count
                 A         B        C        D         E       F
            +---------+---------+-------+---------+---------+-------
      Total |       6 |       0 |   0.0 |       4 |       0 |   0.0
            +---------+---------+-------+---------+---------+-------
        D:1 |       6 |       0 |   0.0 |       4 |       0 |   0.0
            +---------+---------+-------+---------+---------+-------

Skill      XL: |  1 |
---------------+----+-----
Stealth        | 1 |  1.1
Fighting       | |  1.0
Dodging        | |  2.0
Unarmed Combat | |  3.1
Shapeshifting  | |  3.0

Action                     || total
---------------------------++-------
  Melee: Unarmed           ||     6
         Constrict         ||     2
         Tentacles         ||     1
 Armour: Skin              ||     5
  Dodge: Dodged            ||     2

Illustrated notes

Table legend:
 A = Kills in this place as a percentage of kills in the entire game.
 B = Kills by you in this place as a percentage of kills by you in the entire game.
 C = Kills by friends in this place as a percentage of kills by friends in the entire game.
 D = Other kills in this place as a percentage of other kills in the entire game.
 E = Experience gained in this place as a percentage of experience gained in the entire game.
 F = Experience gained in this place divided by the number of levels of this place that you have seen.
                   A       B       C       D       E      F
               +-------+-------+-------+-------+-------+----------------------
         Total | 100.0 | 100.0 |   N/A |   N/A | 100.0 |   6.0
       Dungeon | 100.0 | 100.0 |   N/A |   N/A | 100.0 |   6.0
               +-------+-------+-------+-------+-------+----------------------

Table legend: (Time is in decaauts)
 A = Elapsed time spent in this place.
 B = Non-inter-level travel time spent in this place.
 C = Inter-level travel time spent in this place.
 D = Time resting spent in this place.
 E = Time spent auto-exploring this place.
 F = Levels seen in this place.
 G = Mean time per level.
                   A        B        C        D        E       F      G
               +--------+--------+--------+--------+--------+-----+--------+
         Total |    105 |    105 |      0 |      0 |     82 |   1 |  105.0 |
       Dungeon |    105 |    105 |      0 |      0 |     82 |   1 |  105.0 |
               +--------+--------+--------+--------+--------+-----+--------+

Top non-repeatable levels by time:
     D:1: 105 daAuts
